 Dungeon Crawl Stone Soup version 0.30-a0-639-g3916f1956a (webtiles) character file.

Game seed: 3779664533880228303

12320 bmack86 the Cleaver (level 11, -7/97 HPs)
             Began as a Minotaur Fighter on Jan 16, 2023.
             Was an Elder of Okawaru.
             Hit by a large rock thrown by a cyclops (28 damage)
             ... on level 11 of the Dungeon.
             The game lasted 00:30:34 (10877 turns).

bmack86 the Cleaver (Minotaur Fighter)             Turns: 10877, Time: 00:30:35

Health: -7/97      AC: 22    Str: 26    XL:     11   Next: 60%
Magic:  13/13      EV:  7    Int:  5    God:    Okawaru [****..]
Gold:   1267       SH: 11    Dex:  9    Spells: 10/10 levels left

rFire   x . .      SeeInvis .    a - +1 war axe (elec)
rCold   + . .      Faith    .    c - +0 buckler
rNeg    . . .      Spirit   .    i - +0 plate armour
rPois   .          Reflect  +    (helmet restricted)
rElec   .          Harm     .    r - +0 cloak
rCorr   .          Rampage  .    j - +1 pair of gloves
Will    .....                    (no boots)
Stlth   x                          - amulet of reflection
HPRegen 0.36/turn                G - +4 ring of protection
MPRegen 0.13/turn                p - ring of ice

@: no status effects
A: horns 2, retaliatory headbutt
a: Renounce Religion, Heroism, Finesse


You were on level 11 of the Dungeon.
You worshipped Okawaru.
Okawaru was greatly pleased with you.
You visited 2 branches of the dungeon, and saw 12 of its levels.
You also visited: Bailey.

You collected 1312 gold pieces.
You spent 45 gold pieces at shops.

Inventory:

Hand Weapons
 a - a +1 war axe of electrocution (weapon)
 q - a +0 broad axe
 y - a +0 broad axe
Missiles
 d - 8 boomerangs (quivered)
 l - 11 curare-tipped darts
 m - a throwing net
 C - 9 poisoned darts
Armour
 b - a +0 scale mail
 c - a +0 buckler (worn)
 f - a scarf of invisibility
 i - a +0 plate armour (worn)
 j - a +1 pair of gloves (worn)
 r - a +0 cloak (worn)
Jewellery
 o - a ring of fire
 p - a ring of ice (right hand)
 u - a ring of positive energy
 x - an amulet of reflection (around neck)
 G - a +4 ring of protection (left hand)
 L - a ring of fire
Wands
 v - a wand of flame (40)
 A - a wand of digging (3)
 B - a wand of paralysis (20)
 I - a wand of iceblast (9)
Scrolls
 g - 2 scrolls of blinking
 h - 6 scrolls of teleportation
 J - 3 scrolls of fear
 M - a scroll of vulnerability
 N - a scroll of amnesia {unknown}
 O - a scroll of magic mapping
Potions
 e - 8 potions of mutation
 k - 2 potions of brilliance
 n - a potion of flight {unknown}
 s - a potion of ambrosia
 t - 3 potions of invisibility
 w - a potion of heal wounds
 z - 2 potions of cancellation
 D - 2 potions of resistance
 E - 2 potions of lignification
 F - a potion of magic {unknown}
 H - a potion of might
 K - 2 potions of curing


   Skills:
 + Level 9.5 Fighting
 * Level 12.7 Axes
 + Level 7.1 Throwing
 + Level 9.6 Armour
 + Level 9.6 Shields
 + Level 5.0 Invocations


You had 10 spell levels left.
You didn't know any spells.
Your spell library contained the following spells:

 Spells                   Type           Power      Damage    Failure   Level
 Apportation              Tloc           0%         N/A       99%         1
 Necrotise                Necr           0%         1d4       99%         1
 Sandblast                Erth           0%         2d4       99%         1
 Lesser Beckoning         Tloc           0%         N/A       100%        2
 Passwall                 Tmut/Erth      0%         N/A       100%        2
 Gell's Gravitas          Tloc           0%         N/A       100%        3
 Ignite Poison            Fire/Tmut/Pois 0%         N/A       100%        3
 Portal Projectile        Hex/Tloc       0%         N/A       100%        3
 Stone Arrow              Conj/Erth      0%         3d7       100%        3
 Teleport Other           Tloc           0%         N/A       100%        3
 Leda's Liquefaction      Hex/Erth       0%         N/A       100%        4
 Sticky Flame             Conj/Fire      0%         2d3       100%        4
 Ignition                 Fire           0%         3d3       100%        8
 Summon Small Mammal      Summ           Unusable   N/A       N/A         1
 Call Canine Familiar     Summ           Unusable   N/A       N/A         3

Dungeon Overview and Level Annotations

Branches:
Dungeon (11/15)            Temple (1/1) D:7          Bailey (visited)
   Lair: D:8-11         Orc: D:9-12

Altars:
Ashenzari
Cheibriados
Dithmenos
Elyvilon
Fedhas
Gozag
Hepliaklqana
Kikubaaqudgha
Makhleb
Nemelex Xobeh
Okawaru
Qazlal
Ru
Sif Muna
Trog
Uskayaw
Vehumet
Wu Jian
Xom
Yredelemnul
Zin
The Shining One

Shops:
D:2 [


Innate Abilities, Weirdness & Mutations

You have a pair of horns on your head.
You reflexively headbutt those who attack you in melee.


Message History

You reflect the large rock off an invisible shield around you!
The large rock hits the cyclops!!!
The cyclops throws a large rock.
The large rock barely misses you.
The cyclops throws a large rock.
The large rock barely misses you.
You hear a horrible gurgling sound!
You hear a shout!
A centaur and a tengu warrior come into view.
Found 9 gold pieces.
The centaur shouts!
The tengu warrior shouts!
A boulder beetle comes into view.
The cyclops throws a large rock.
The large rock hits you!!
The cyclops throws a large rock.
The large rock hits you!
You hear an angry buzzing noise.
You hear a shout!
A wraith comes into view.
The acid dragon spits acid at you. The splash of acid hits you!
You hear a shout!
You hear a horrible gurgling sound!
Okay, then.
A centaur comes into view.
The cyclops throws a large rock.
You reflect the large rock off an invisible shield around you!
The large rock hits the cyclops!
The centaur wields a +0 shortbow.
The centaur shoots an arrow.
You reflect the arrow off an invisible shield around you!
The arrow hits the centaur.
A centaur comes into view.
The centaur shouts!
The centaur shoots an arrow.
You reflect the arrow off an invisible shield around you!
The arrow hits the centaur.
The acid dragon spits acid at you.
The splash of acid reflects off an invisible shield around you!
The splash of acid misses the acid dragon.
The splash of acid hits the centaur!!
The acid corrodes the centaur!
You kill the centaur!
Okawaru accepts your kill.
The cyclops throws a large rock.
The large rock hits you!!
* * * LOW HITPOINT WARNING * * *
The cyclops throws a large rock.
The large rock barely misses you.
The cyclops throws a large rock.
The large rock hits you!!
You die...

.#.#...## ....#
#.#.#...# .....#
$#.#$.).+ .....#
.....WC.# .....#
###...D##+#.....#
#$....c....#
###........#
.B..C...C...#
....?.....@.+
Q####.......#######
.....C#####......#
###... #......#
..... #....<.#
#..#.. #......#
#.#.. #......# ....
#......# #......#


You could see 4 cyclopes, a wraith, an acid dragon (catching breath) and a
centaur.

Vanquished Creatures
  2 vault guards (Bailey)
  A two-headed ogre (D:10)
  The ghost of drugrobin the Martial Artist, a novice DgDe (D:7)
  Pikel (D:4)
  The ghost of wormed the Changer, a novice OpTm of Gozag (D:6)
  A komodo dragon (D:10)
  2 unseen horror skeletons (D:7)
  A troll (D:10)
  The ghost of lambentLogic the Covert, a novice KoEn (D:4)
  The ghost of demibob the Chopper, an amateur DsBe of Trog (D:4)
  Grinder (D:6)
  Prince Ribbit (Bailey)
  A slime creature (D:11)
  A shadow (D:9)
  8 yaks
  2 wyverns
  5 humans (Bailey)
  The ghost of Vylera the Slasher, an amateur DsGl (D:4)
  Duvessa (D:6)
  2 water moccasins
  2 orc warriors
  2 sky beasts
  6 ice beasts
  3 centaurs
  The ghost of bande the Trooper, an amateur GrFi (D:4)
  A phantom (D:5)
  Blork the orc (D:6)
  12 bullfrogs
  A necrophage (D:4)
  2 gnoll sergeants
  2 scorpions
  5 wights (D:4)
  Dowan (D:6)
  16 killer bees
  2 howler monkeys
  3 electric eels (D:8)
  A jelly (D:7)
  A wyvern simulacrum (D:6)
  A human zombie (D:4)
  2 orc priests
  A gnoll bouda (D:8)
  2 hounds (D:4)
  A centaur skeleton (D:7)
  A scorpion zombie (D:4)
  Ijyb (D:4)
  2 iguanas
  5 orc wizards
  A bullfrog simulacrum (D:6)
  A centaur simulacrum (D:7)
  A spectral howler monkey (D:7)
  2 mummies (D:4)
  2 killer bee simulacra (D:6)
  Robin (D:4)
  21 gnolls
  6 adders
  A howler monkey simulacrum (D:7)
  2 white imps (D:6)
  An ufetubus (D:5)
  2 adder zombies (D:4)
  A worm (D:3)
  The ghost of ryw the Sneak, a weakling DrDe (D:4)
  A dart slug (D:3)
  19 orcs
  5 ball pythons
  7 bats
  5 endoplasms
  5 giant cockroaches
  25 goblins
  10 hobgoblins
  3 jackals (D:1)
  5 quokkas
  6 frilled lizards
  4 kobolds
  2 rats
253 creatures vanquished.

Vanquished Creatures (others)
  8 fungi (D:5)
  12 plants (D:8)
20 creatures vanquished.

Grand Total: 273 creatures vanquished

Notes
Turn   | Place    | Note
-------+----------+-------------------------------------------
     0 | D:1      | bmack86 the Minotaur Fighter began the quest for the Orb.
     0 | D:1      | Reached XP level 1. HP: 19/19 MP: 0/0
   188 | D:1      | Reached XP level 2. HP: 27/27 MP: 1/1
   364 | D:1      | Reached skill level 3 in Axes
   928 | D:2      | Reached XP level 3. HP: 23/33 MP: 2/2
  1237 | D:2      | Found Wuemoil's Armour Emporium.
  1272 | D:2      | Bought a +0 cloak for 45 gold pieces
  1930 | D:3      | Reached XP level 4. HP: 40/40 MP: 3/3
  2122 | D:3      | Reached skill level 4 in Axes
  2122 | D:3      | Reached skill level 1 in Throwing
  2383 | D:4      | Reached XP level 5. HP: 43/47 MP: 4/4
  2406 | D:4      | Found an opulent altar of Gozag.
  2487 | D:4      | Found a basalt altar of Yredelemnul.
  2515 | D:4      | Reached XP level 6. HP: 26/53 MP: 5/5
  2620 | D:4      | Reached skill level 5 in Axes
  2646 | D:4      | Reached skill level 5 in Armour
  2646 | D:4      | Reached skill level 5 in Shields
  2657 | D:4      | Reached skill level 5 in Fighting
  2677 | D:4      | Reached XP level 7. HP: 19/61 MP: 6/6
  2877 | D:4      | Reached skill level 6 in Axes
  3008 | D:4      | Noticed Pikel
  3013 | D:4      | Paralysed by Pikel for 4 turns
  3017 | D:4      | Noticed Ijyb
  3020 | D:4      | Paralysed by Pikel for 2 turns
  3026 | D:4      | Killed Pikel
  3027 | D:4      | Reached skill level 7 in Axes
  3027 | D:4      | Reached XP level 8. HP: 21/70 MP: 7/7
  3029 | D:4      | Killed Ijyb
  3198 | D:4      | Found a runed translucent gate.
  3198 | D:4      | Found a runed translucent gate.
  3201 | D:4      | Found a runed translucent gate.
  3202 | D:4      | Noticed bande's ghost (amateur GrFi)
  3202 | D:4      | Noticed lambentLogic's ghost (novice KoEn)
  3203 | D:4      | Noticed Vylera's ghost (amateur DsGl)
  3203 | D:4      | Noticed demibob's ghost (amateur DsBe)
  3205 | D:4      | Noticed ryw's ghost (weakling DrDe)
  3568 | D:4      | Noticed Robin
  3579 | D:4      | Killed Robin
  3711 | D:5      | Entered Level 5 of the Dungeon
  3829 | D:5      | Identified the +7 flail "Vyalegi" {elec, +Blink MP+9 Str+5
                  | Int+3}
  3983 | D:5      | Reached skill level 8 in Axes
  4155 | D:5      | Found a radiant altar of Vehumet.
  4763 | D:6      | Found a runed translucent gate.
  4763 | D:6      | Found a runed translucent gate.
  4763 | D:6      | Found a runed translucent gate.
  4783 | D:6      | Noticed Grinder
  4784 | D:6      | Noticed Blork the orc
  4794 | D:6      | Killed Blork the orc
  4795 | D:6      | Reached XP level 9. HP: 71/78 MP: 8/8
  4802 | D:6      | Killed Grinder
  4882 | D:6      | Noticed Duvessa
  4882 | D:6      | Noticed Dowan
  4888 | D:6      | Killed Dowan
  4891 | D:6      | Killed Duvessa
  4892 | D:6      | Reached skill level 9 in Axes
  5051 | D:6      | Found an ornate altar of the Wu Jian Council.
  5136 | D:6      | Noticed wormed's ghost (novice OpTm)
  5533 | D:7      | Found a staircase to the Ecumenical Temple.
  5545 | Temple   | Entered the Ecumenical Temple
  5561 | Temple   | Became a worshipper of Warmaster Okawaru
  5618 | D:7      | Found a runed translucent gate.
  5618 | D:7      | Found a runed translucent gate.
  5618 | D:7      | Found a runed translucent gate.
  5620 | D:7      | Noticed drugrobin's ghost (novice DgDe)
  5840 | D:7      | Reached skill level 5 in Throwing
  6045 | D:7      | Reached * piety under Okawaru
  6046 | D:7      | Reached skill level 1 in Invocations
  6242 | D:8      | Found a flagged portal.
  6283 | Bailey   | Entered a bailey
  6313 | Bailey   | Reached skill level 10 in Axes
  6374 | Bailey   | Reached ** piety under Okawaru
  6377 | Bailey   | Reached XP level 10. HP: 70/88 MP: 10/10
  6456 | Bailey   | Noticed a vault guard
  6467 | Bailey   | Killed a vault guard
  6499 | Bailey   | Noticed Prince Ribbit
  6499 | Bailey   | Noticed a vault guard
  6509 | Bailey   | Killed a vault guard
  6517 | Bailey   | Killed Prince Ribbit
  6517 | Bailey   | Reached *** piety under Okawaru
  6518 | Bailey   | Reached skill level 11 in Axes
  7155 | D:8      | Found a bloodstained altar of Trog.
  7913 | D:9      | Identified a scroll of acquirement
  7913 | D:9      | Acquired 683 gold pieces
  8149 | D:9      | Found a burning altar of Makhleb.
  8179 | D:9      | Found a hazy altar of Hepliaklqana.
  8183 | D:9      | Found a stormy altar of Qazlal.
  8380 | D:9      | Reached **** piety under Okawaru
  8789 | D:9      | Reached XP level 11. HP: 47/95 MP: 11/13
  9482 | D:4      | Killed ryw's ghost
  9482 | D:4      | Killed lambentLogic's ghost
  9483 | D:4      | Killed Vylera's ghost
  9487 | D:4      | Killed demibob's ghost
  9492 | D:4      | Killed bande's ghost
  9649 | D:6      | Reached skill level 12 in Axes
  9654 | D:6      | Killed wormed's ghost
  9825 | D:7      | Killed drugrobin's ghost
  9829 | D:7      | Identified the +0 robe "Qaix Xio" {rElec rN+++ Str-5 Dex-2}
  9926 | D:10     | Entered Level 10 of the Dungeon
  9956 | D:10     | Noticed a two-headed ogre
  9962 | D:10     | Killed a two-headed ogre
 10040 | D:10     | Found a broken altar of Ashenzari.
 10304 | D:10     | Found a hide-covered altar of Uskayaw.
 10421 | D:10     | Received a gift from Okawaru
 10868 | D:11     | Reached skill level 5 in Invocations
 10871 | D:11     | Noticed a tengu warrior
 10871 | D:11     | Noticed a boulder beetle
 10877 | D:11     | Hit by a large rock thrown by a cyclops

Illustrated notes

Levels and vault maps discovered:
D:1:      lemuel_arrival_river_passageway, layout_basic
D:2:      layout_rooms, serial_shops, nicolae_shop_waterfront
D:3:      layout_basic
D:4:      kennysheep_the_goblin_king, layout_basic,
          mainiacjoe_overflow_six_doors_small,
          lemuel_mausoleum_altar_yredelemnul, serial_glass, glass_columns_c,
          glass_columns_b, glass_columns_b, glass_columns_a, glass_columns_a,
          glass_columns_b, glass_columns_a, glass_columns_b, glass_columns_a,
          glass_columns_c, gammafunk_ghost_cemetery, kennysheep_generic_room_10,
          uniq_ijyb, uniq_pikel, uniq_robin
D:5:      layout_basic, nicolae_overflow_crystal_walls, serial_aquarium,
          aquarium_bridge_square [aquarium_subvault_bridge,
          aquarium_subvault_balcony, aquarium_subvault_balcony,
          aquarium_subvault_wall], aquarium_window_double, aquarium_window_1,
          aquarium_window_1, aquarium_window_fake, aquarium_view_2b,
          aquarium_pool_2
D:6:      layout_basic, mainiacjoe_overflow_chevrons, gammafunk_ghost_icy,
          minmay_splitting_lines, due_unseen_surprise, uniq_blork_the_orc,
          uniq_duvessa, uniq_grinder
D:7:      layout_rooms, minmay_temple_entry_ruins, gammafunk_ghost_necromancy,
          minmay_misc_feat_tower
D:8:      layout_rooms, mainiacjoe_overflow_alcove_2, enter_bailey_5,
          serial_bayou_lake_a
D:9:      layout_layer_cave, nicolae_overflow_hidden_temple
D:10:     layout_irregular_city, ashenzari_conservatory_becter,
          kennysheep_little_box, serial_park_tiny_2
D:11:     minmay_the_grid_square_5x5_5x5_mashed
          [minmay_the_grid_square_5x5_misaligned, minmay_the_grid_square_5x5_c,
          minmay_the_grid_square_5x5_v, minmay_the_grid_square_5x5_forky,
          minmay_the_grid_square_5x5_hourglass,
          minmay_the_grid_square_5x5_tri_point,
          minmay_the_grid_square_5x5_prize_gold,
          minmay_the_grid_square_5x5_fat_x,
          minmay_the_grid_square_5x5_prize_waves,
          minmay_the_grid_square_5x5_two, minmay_the_grid_square_5x5_minimal,
          minmay_the_grid_square_5x5_two_walls_a,
          minmay_the_grid_square_5x5_prize_open,
          minmay_the_grid_square_5x5_beaten_path,
          minmay_the_grid_square_5x5_minibox,
          minmay_the_grid_square_5x5_intrusive_squares,
          minmay_the_grid_square_5x5_prize_rear_guard,
          minmay_the_grid_square_5x5_shrine2,
          minmay_the_grid_square_5x5_prize_junk,
          minmay_the_grid_square_5x5_half_checkered,
          minmay_the_grid_square_5x5_mess, minmay_the_grid_square_5x5_plus,
          minmay_the_grid_square_5x5_slash,
          minmay_the_grid_square_5x5_hollow_slash,
          minmay_the_grid_square_5x5_inset], layout_gridville,
          david_defended_altar_orc
Temple:   hellmonk_temple_two_chambers

Skill      XL: |  1  2  3  4  5  6  7  8  9 10 11 |
---------------+----------------------------------+-----
Axes           | 3 4 5 7 8 10 11 12 | 12.7
Fighting       | 4 5 6 7 8 9 |  9.5
Armour         | 4 5 6 7 9 |  9.6
Shields        | 4 5 6 7 8 9 |  9.6
Throwing       | 1 2 3 4 5 6 7 |  7.1
Invocations    | 2 4 5 |  5.0

Action                   |  1- 3 |  4- 6 |  7- 9 | 10-12 || total
-------------------------+-------+-------+-------+-------++-------
Melee: War axe           |    84 |    83 |   222 |   216 ||   605
       Headbutt          |    11 |    14 |    34 |    40 ||    99
Throw: Dart              |     1 |       |       |       ||     1
       Boomerang         |       |       |       |    21 ||    21
Invok: Heroism           |       |       |       |     7 ||     7
       Finesse           |       |       |       |     1 ||     1
Evoke: Wand              |       |     8 |     1 |       ||     9
  Use: Scroll            |       |     7 |    11 |     4 ||    22
       Potion            |       |       |     5 |     2 ||     7
Armor: Scale mail        |    64 |    13 |       |       ||    77
       Plate armour      |       |    35 |   190 |   152 ||   377
Dodge: Dodged            |    73 |    17 |    73 |    93 ||   256
Block: Buckler           |    24 |    34 |   145 |   138 ||   341
       Reflection        |       |       |     5 |    11 ||    16

Table legend: (Time is in decaauts)
 A = Elapsed time spent in this place.
 B = Non-inter-level travel time spent in this place.
 C = Inter-level travel time spent in this place.
 D = Time resting spent in this place.
 E = Time spent auto-exploring this place.
 F = Levels seen in this place.
 G = Mean time per level.
                   A        B        C        D        E       F      G
               +--------+--------+--------+--------+--------+-----+--------+
         Total |  11020 |  10593 |    427 |   1569 |   6153 |  13 |  847.7 |
       Dungeon |  10715 |  10288 |    427 |   1528 |   6153 |  11 |  974.1 |
        Temple |     36 |     36 |      0 |      0 |      0 |   1 |   36.0 |
        Bailey |    268 |    268 |      0 |     41 |      0 |   1 |  268.0 |
               +--------+--------+--------+--------+--------+-----+--------+

Top non-repeatable levels by time:
     D:4: 1580 daAuts
     D:9: 1443 daAuts
     D:8: 1377 daAuts
     D:5: 1111 daAuts
     D:6: 983 daAuts
     D:3: 973 daAuts
     D:7: 932 daAuts
     D:1: 926 daAuts
    D:10: 903 daAuts
     D:2: 442 daAuts
  Bailey: 268 daAuts
    D:11: 41 daAuts
  Temple: 36 daAuts
